 Dungeon Crawl Stone Soup version 0.31.0-11-ge490571c62 (webtiles) character file.

Game seed: 3337083390253149226

13379 puppykicker the Severer (level 11, -3/148 HPs)
             Began as a Minotaur Berserker on Feb 1, 2024.
             Was an Elder of Trog.
             Succumbed to Sonja's poison
             ... on level 11 of the Dungeon.
             The game lasted 00:23:47 (10942 turns).

puppykicker the Severer (Minotaur Berserker)       Turns: 10942, Time: 00:23:48

Health: -3/148     AC: 20    Str: 26    XL:     11   Next: 74%
Magic:  10/10      EV: 14    Int:  6    God:    Trog [****..]
Gold:   896        SH:  0    Dex: 10    Spells: 10/10 levels left

rFire   + . .        a - +4 battleaxe
rCold   . . .        (shield currently unavailable)
rNeg    . . .        L - +4 chain mail "Inidghina" {rF+ Will+ SInv}
rPois   .            (helmet restricted)
rElec   .            B - +2 cloak of the Thief {*Fog Slay-2 SInv Stlth+}
rCorr   .            u - +0 pair of gloves
SInv    +            (no boots)
Will    +....        d - amulet of faith {Faith, !P} Stlth
                     k - +5 ring of evasion
HPRegen 0.44/turn    p - ring of Vouso {Fly Int+2}
MPRegen 0.12/turn

%: faith
@: berserking, lethally poisoned (-3 -> -72), flying, very quick
A: horns 2, retaliatory headbutt
a: Renounce Religion, Berserk, Trog's Hand, Brothers in Arms


You were on level 11 of the Dungeon.
You worshipped Trog.
Trog was greatly pleased with you.
You visited 1 branch of the dungeon, and saw 11 of its levels.
You also visited: Bailey.

You collected 1170 gold pieces.
You spent 274 gold pieces at shops.

Inventory:

Hand Weapons
 a - a +4 battleaxe (weapon)
 b - a +2 arbalest of flaming
 q - a +1 sling of electrocution
Missiles
 l - 16 boomerangs
 M - 10 poisoned darts
Armour
 u - a +0 pair of gloves (worn)
 B - the +2 cloak of the Thief (worn) {*Fog Slay-2 SInv Stlth+}
   (You found it on level 9 of the Dungeon)

   *Fog:      It may release a thick cloud of smoke when the wearer is hurt.
   Slay-2:    It affects your accuracy & damage with ranged weapons and melee
   (-2).
   SInv:      It lets you see invisible.
   Stlth+:    It makes you more stealthy.
 I - a +2 chain mail of poison resistance {rPois}
 L - the +4 chain mail "Inidghina" (worn) {rF+ Will+ SInv}
   (You found it on level 10 of the Dungeon)

   rF+:       It protects you from fire.
   Will+:     It increases your willpower.
   SInv:      It lets you see invisible.
Jewellery
 c - a ring of fire {rF+, rC-}
 d - an amulet of faith (around neck) {Faith, !P}
 k - a +5 ring of evasion (left hand)
 p - the ring of Vouso (right hand) {Fly Int+2}
   (You found it on level 4 of the Dungeon)

   [ring of flight]

   Int+2:     It affects your intelligence (+2).
   Fly:       It grants you flight.
 v - a +6 ring of intelligence
Wands
 D - a wand of digging (10)
 F - a wand of charming (16)
 J - a wand of flame (14)
Scrolls
 e - 2 scrolls of vulnerability {!r!r}
 f - 3 scrolls of fog
 j - 2 scrolls of poison {!r}
 n - a scroll of silence
 o - 3 scrolls of enchant armour
 r - 2 scrolls of amnesia {unknown}
 s - 2 scrolls of fear {unknown}
 t - 2 scrolls of teleportation
 w - a scroll of brand weapon {unknown}
 x - a scroll of acquirement {unknown}
 H - a scroll of immolation {unknown}
 N - a scroll of torment {unknown}
 O - a scroll of noise {unknown}
Potions
 g - 4 potions of haste {unknown}
 h - 4 potions of curing
 i - a potion of resistance {unknown}
 m - 2 potions of heal wounds {unknown}
 y - 2 potions of brilliance {unknown}
 z - a potion of enlightenment {unknown}
 A - 3 potions of cancellation {unknown}
 C - 2 potions of invisibility {unknown}
 E - a potion of ambrosia {unknown}
 G - 3 potions of magic {unknown}
 K - a potion of might {unknown}


   Skills:
 + Level 9.7 Fighting
 * Level 16.9 Axes
 + Level 7.7 Ranged Weapons
 + Level 9.3 Armour
 - Level 2.1 Dodging


You had 10 spell levels left.
You didn't know any spells.
Your spell library was empty.

Dungeon Overview and Level Annotations

Branches:
Dungeon (11/15)            Temple (0/1) D:4            Lair (0/5) D:9
    Orc (0/2) D:9          Bailey (visited)

Altars:
Cheibriados
Gozag
Kikubaaqudgha
Makhleb
Qazlal
Ru
Sif Muna
Trog
Zin
The Shining One

Shops:
D:1 (


Innate Abilities, Weirdness & Mutations

You have a pair of horns on your head.
You reflexively headbutt those who attack you in melee.


Message History

Sonja hits you with a +2 short sword of venom.
* * * LOW HITPOINT WARNING * * *
You are more poisoned.
Sonja misses you.
You take 12 damage, and have 57/148 hp.
You miss Sonja.
Sonja is severely wounded.
* * * LOW HITPOINT WARNING * * *
You feel extremely sick. Sonja hits you but does no damage.
You are more poisoned.
Sonja misses you. Sonja closely misses you.
You take 10 damage, and have 47/148 hp.
You miss Sonja.
Sonja is severely wounded.
* * * LOW HITPOINT WARNING * * *
You feel extremely sick. Sonja hits you but does no damage.
You are more poisoned.
Sonja barely misses you. x2
You take 10 damage, and have 37/148 hp.
You miss Sonja.
Sonja is severely wounded.
* * * LOW HITPOINT WARNING * * *
You feel extremely sick.
Sonja hits you with a +2 short sword of venom!
* * * LOW HITPOINT WARNING * * *
Sonja hits you with a +2 short sword of venom.
* * * LOW HITPOINT WARNING * * *
You are more poisoned.
Sonja misses you.
You take 21 damage, and have 16/148 hp.
You slice Sonja!!
You kill Sonja!
* * * LOW HITPOINT WARNING * * *
You feel extremely sick.
You take 9 damage, and have 7/148 hp.
Unknown command.
Found an escape hatch in the floor.
You die...

)..# .≈≈ )(♣#.≈≈≈
⌠>≈≈.....##
†~..≈≈≈≈≈_.≈≈......#
......≈≈≈≈≈≈≈≈...#.#
.#.#..≈≈≈≈≈≈≈≈.[.$.#
##.#.......≈≈≈≈....#
##.#.≈......≈....#.#
##.#...........≈.#.#
#...###.####. #.@#.#
.....).......##.#..#
#...##########.###.#
##.############.#.##
#.#............#.##
##.###########.#.#
### #.#.# #.#.#
#.#.#


There were no monsters in sight!

Levels and vault maps discovered:
D:1:      minmay_arrival_nine_rooms, layout_rooms, serial_shops,
          nicolae_shop_tiny_statue_garden, chequers_serial_rivers_large_a
D:2:      layout_basic
D:3:      layout_loops_cross
D:4:      layout_loops_ring, grunt_temple_overflow_order_and_chaos_2,
          nicolae_overflow_hidden_temple, amcnicky_altar_gilded,
          general_overflow_altar, mainiacjoe_overflow_24_doors,
          minmay_temple_entry_proselytizer,
          hangedman_abyss_or_decor_lesser_grid, kennysheep_big_empty_room,
          chequers_serial_rivers_small_b
D:5:      layout_basic, lemuel_mausoleum_altar_kikubaaqudgha,
          kennysheep_another_room
D:6:      layout_basic, mainiacjoe_overflow_tiny_flanked,
          nicolae_ru_sacrificial_ziggurat, mainiacjoe_overflow_alcove_1
D:7:      layout_basic, kennysheep_generic_room_7
D:8:      layout_cave_pools, enter_bailey_2, uniq_joseph, uniq_maggie
D:9:      cheibrodos_wizards_tower, layout_irregular_city, david_lair_shrubbed,
          minmay_orc_entry_temple_large
D:10:     layout_cave_pools
D:11:     layout_loops_ring, serial_bayou_pond_b,
          nicolae_qazlal_general_emergency, uniq_sonja, uniq_lodul

Notes
Turn   | Place    | Note
-------+----------+-------------------------------------------
     0 | D:1      | puppykicker the Minotaur Berserker began the quest for the
                  | Orb.
     0 | D:1      | Reached XP level 1. HP: 19/19 MP: 0/0
     4 | D:1      | Identified a +0 short sword
     5 | D:1      | Identified a +0 short sword
    21 | D:1      | Reached skill level 4 in Axes
    35 | D:1      | Identified a +0 whip
    56 | D:1      | Reached XP level 2. HP: 20/26 MP: 1/1
   113 | D:1      | Identified an orb of mayhem
   117 | D:1      | Identified a ring of wizardry
   128 | D:1      | Identified a +0 dagger
   130 | D:1      | Found Pucakire's Antique Weapon Boutique.
   131 | D:1      | Identified a +0 rapier
   146 | D:1      | Identified a +0 club
   184 | D:1      | Identified an amulet of faith
   302 | D:1      | Identified a +0 short sword
   319 | D:1      | Reached skill level 5 in Axes
   671 | D:2      | Reached XP level 3. HP: 31/31 MP: 2/2
   695 | D:2      | HP: 11/46 [poisoned by an adder]
   700 | D:2      | HP: 5/31 [poisoned by an adder]
   884 | D:2      | Identified a +0 club
  1067 | D:2      | Reached ** piety under Trog
  1068 | D:2      | Reached XP level 4. HP: 32/39 MP: 3/3
  1101 | D:2      | Reached skill level 6 in Axes
  1183 | D:2      | Identified a +0 dagger
  1276 | D:2      | Identified a +0 club
  1331 | D:2      | Identified a +0 club
  1418 | D:3      | Identified a ring of flight
  1565 | D:3      | Identified a +0 dagger
  1595 | D:3      | Identified a +0 ring mail
  1651 | D:3      | Identified a +0 club
  1700 | D:3      | Identified a +4 spectral quarterstaff
  1701 | D:3      | Identified a +0 flail
  1701 | D:3      | Identified a +2 dagger of protection
  1701 | D:3      | Identified a +0 mace
  1701 | D:3      | Identified a +0 ring mail
  1702 | D:3      | Identified a +0 whip
  1722 | D:3      | HP: 11/58 [orc priest/+0 whip (4)]
  1724 | D:3      | Reached skill level 7 in Axes
  1724 | D:3      | Reached XP level 5. HP: 13/45 MP: 4/4
  1933 | D:3      | Identified a +0 dagger
  2220 | D:4      | Identified a +0 club
  2280 | D:4      | Identified a +0 dagger
  2280 | D:4      | Identified a +0 leather armour
  2290 | D:4      | Found a glowing golden altar of the Shining One.
  2296 | D:4      | Identified a +0 club
  2296 | D:4      | Identified a +1 scale mail of willpower
  2395 | D:4      | Found a staircase to the Ecumenical Temple.
  2395 | D:4      | Identified a +0 dagger
  2395 | D:4      | Identified a +0 leather armour
  2398 | D:4      | Reached *** piety under Trog
  2413 | D:4      | Identified a +0 ring mail
  2437 | D:4      | Identified a +0 dagger
  2449 | D:4      | Reached skill level 8 in Axes
  2449 | D:4      | Identified a +0 club
  2452 | D:4      | Identified a +0 dagger
  2469 | D:4      | Found a bloodstained altar of Trog.
  2516 | D:4      | Identified a +0 dagger
  2516 | D:4      | Identified a +0 club
  2516 | D:4      | Identified a +0 ring mail
  2525 | D:4      | Reached XP level 6. HP: 51/51 MP: 5/5
  2605 | D:4      | Identified the ring of Vouso {Fly Int+2}
  2611 | D:4      | Found an opulent altar of Gozag.
  2671 | D:4      | Found a snail-covered altar of Cheibriados.
  2693 | D:4      | Noticed a green death
  2694 | D:4      | Found a burning altar of Makhleb.
  2706 | D:4      | Reached skill level 9 in Axes
  2709 | D:4      | Found a glowing silver altar of Zin.
  2709 | D:4      | Identified a +1 whip of holy wrath
  2709 | D:4      | Identified a +0 robe
  2709 | D:4      | Noticed an angel
  2795 | D:4      | Identified a +0 pair of gloves
  2926 | D:5      | Entered Level 5 of the Dungeon
  2928 | D:5      | Identified a +0 giant club
  3198 | D:5      | Identified a +6 ring of intelligence
  3333 | D:5      | Identified the +2 whip "Hydra's Bane" {spect, Int+3}
  3535 | D:5      | Reached XP level 7. HP: 31/57 MP: 6/6
  3735 | D:1      | Bought a runed arbalest for 187 gold pieces
  3735 | D:1      | Identified a +2 arbalest of flaming (You bought it in a
                  | shop on level 1 of the Dungeon)
  3735 | D:1      | Bought a war axe for 87 gold pieces
  3735 | D:1      | Identified a +0 war axe (You bought it in a shop on level 1
                  | of the Dungeon)
  3952 | D:5      | Identified a +0 leather armour
  4030 | D:5      | Reached skill level 10 in Axes
  4037 | D:5      | Found an ancient bone altar of Kikubaaqudgha.
  4135 | D:5      | Reached skill level 11 in Axes
  4414 | D:5      | Identified a +0 ring mail
  4681 | D:6      | Identified 4 scrolls of fog
  4682 | D:6      | Identified 3 scrolls of identify
  4682 | D:6      | Identified a scroll of silence
  4683 | D:6      | Identified a scroll of blinking
  4684 | D:6      | Identified a scroll of revelation
  4733 | D:6      | Identified a +0 leather armour
  4770 | D:6      | Found a shimmering blue altar of Sif Muna.
  4771 | D:6      | Identified 3 scrolls of enchant armour
  4789 | D:6      | Found a sacrificial altar of Ru.
  4809 | D:6      | Identified a +0 club
  4809 | D:6      | Identified a +1 leather armour of positive energy
  4972 | D:6      | Reached XP level 8. HP: 63/64 MP: 7/7
  4980 | D:6      | Reached **** piety under Trog
  4982 | D:6      | Reached skill level 12 in Axes
  5206 | D:6      | Identified a ring of fire
  5250 | D:6      | Identified a +0 whip
  5272 | D:6      | Identified a +0 whip
  5344 | D:6      | Reached skill level 4 in Fighting
  5344 | D:6      | Reached skill level 3 in Armour
  5367 | D:6      | Identified a +0 hand axe
  5367 | D:6      | Identified a +0 ring mail
  5367 | D:6      | Identified a +0 falchion
  5367 | D:6      | Identified a +0 scale mail
  5367 | D:6      | Identified a +0 short sword
  5367 | D:6      | Identified a +0 ring mail
  5368 | D:6      | Identified a +0 glaive
  5368 | D:6      | Identified a +0 plate armour
  5368 | D:6      | Identified a +0 hand axe
  5420 | D:6      | Found a stormy altar of Qazlal.
  5422 | D:6      | Identified a +0 whip
  5659 | D:7      | Identified a +0 mace
  5660 | D:7      | Identified a +0 hand axe
  5661 | D:7      | Identified a +0 club
  5766 | D:7      | Identified a +0 club
  5766 | D:7      | Identified a +0 ring mail
  5767 | D:7      | Identified a +0 dagger
  5767 | D:7      | Identified a +0 robe
  5768 | D:7      | Identified a +0 short sword
  5768 | D:7      | Identified a +0 plate armour
  5769 | D:7      | Identified a +0 club
  5769 | D:7      | Identified a +0 scale mail
  5770 | D:7      | Identified a +0 club
  5783 | D:7      | Reached skill level 1 in Ranged Weapons
  5783 | D:7      | Reached skill level 4 in Armour
  5903 | D:7      | Identified a +0 mace
  5903 | D:7      | Identified a +0 ring mail
  5909 | D:7      | Identified a +0 dagger
  5909 | D:7      | Identified a +0 robe
  5909 | D:7      | Identified a +0 dagger
  5974 | D:7      | Reached skill level 5 in Fighting
  6050 | D:7      | Reached skill level 13 in Axes
  6115 | D:7      | Reached skill level 2 in Ranged Weapons
  6115 | D:7      | Reached XP level 9. HP: 74/74 MP: 8/8
  6197 | D:7      | Identified a +0 whip
  6332 | D:8      | Identified 4 scrolls of teleportation
  6362 | D:8      | Reached skill level 5 in Armour
  6366 | D:8      | Reached skill level 3 in Ranged Weapons
  6372 | D:8      | Reached skill level 6 in Fighting
  6467 | D:8      | Identified a +0 mace
  6470 | D:8      | Identified a +0 club
  6470 | D:8      | Identified a +0 quarterstaff
  6470 | D:8      | Identified a +1 sling of electrocution
  6470 | D:8      | Identified a +0 ring mail
  6470 | D:8      | Noticed Joseph
  6473 | D:8      | Identified a +0 giant club
  6479 | D:8      | Killed Joseph
  6485 | D:8      | Found a flagged portal.
  6485 | D:8      | Identified a +0 spear
  6485 | D:8      | Identified a +0 halberd
  6485 | D:8      | Identified a +0 spear
  6485 | D:8      | Identified a +0 halberd
  6490 | D:8      | Identified a +5 trident of protection
  6490 | D:8      | Identified a +0 ring mail
  6490 | D:8      | Identified a +0 club
  6495 | D:8      | HP: 17/77 [gnoll sergeant/+5 trident of protection (13)]
  6496 | D:8      | HP: 6/78 [gnoll sergeant/+5 trident of protection (4)]
  6500 | D:8      | Identified a +0 giant spiked club
  6500 | D:8      | Identified a +0 giant spiked club
  6512 | D:8      | Identified a +0 halberd
  6597 | D:8      | Identified a +0 dagger
  6597 | D:8      | Identified a +0 robe
  6717 | Bailey   | Entered a bailey
  6771 | Bailey   | Reached skill level 14 in Axes
  6816 | Bailey   | Reached skill level 4 in Ranged Weapons
  6834 | Bailey   | Reached ***** piety under Trog
  6848 | Bailey   | Reached skill level 6 in Armour
  6928 | Bailey   | Identified a +0 dire flail
  6928 | Bailey   | Noticed a gargoyle
  6934 | Bailey   | Killed a gargoyle
  6935 | Bailey   | Reached skill level 7 in Fighting
  6935 | Bailey   | Reached XP level 10. HP: 83/86 MP: 9/9
  7036 | Bailey   | Identified a +2 chain mail of positive energy
  7048 | Bailey   | Identified a +2 heavy falchion
  7153 | Bailey   | Identified a +2 vampiric halberd
  7153 | Bailey   | Identified a +0 scale mail
  7157 | Bailey   | Identified 8 potions of curing
  7171 | Bailey   | HP: 30/129 [something (6)]
  7175 | Bailey   | HP: 13/129 [something (7)]
  7405 | Bailey   | Identified a +6 ring of dexterity
  7407 | Bailey   | Identified a +2 chain mail of poison resistance
  7421 | Bailey   | Identified the +0 ring mail "Miufruorgh" {Dex+3}
  7537 | D:8      | Identified a +0 mace
  7538 | D:8      | Identified a +0 mace
  7538 | D:8      | Identified a +0 ring mail
  7569 | D:8      | Identified a +0 short sword
  7569 | D:8      | Identified a +0 ring mail
  7633 | D:8      | Identified an amulet of magic regeneration
  7900 | D:8      | Identified a +0 club
  7923 | D:8      | Identified a +0 ring mail
  7955 | D:8      | Identified a +0 halberd
  7955 | D:8      | Identified +0 acid dragon scales
  7955 | D:8      | Noticed Maggie
  7968 | D:8      | Killed Maggie
  7969 | D:8      | Reached skill level 5 in Ranged Weapons
  8127 | D:9      | Found a staircase to the Lair.
  8307 | D:9      | Reached skill level 7 in Armour
  8312 | D:9      | Reached skill level 15 in Axes
  8477 | D:9      | Found a staircase to the Orcish Mines.
  8479 | D:9      | Identified a +0 shortbow
  8483 | D:9      | Identified a +3 battleaxe (Trog gifted it to you on level 9
                  | of the Dungeon)
  8483 | D:9      | Received a gift from Trog
  8494 | D:9      | Identified a +0 club
  8494 | D:9      | Identified a +0 ring mail
  8494 | D:9      | Identified a +0 glaive
  8494 | D:9      | Identified a +0 plate armour
  8494 | D:9      | Identified a +0 club
  8494 | D:9      | Identified a +0 dagger
  8494 | D:9      | Identified a +0 robe
  8494 | D:9      | Identified a +0 falchion
  8494 | D:9      | Identified a +0 leather armour
  8494 | D:9      | Identified a +0 hand axe
  8494 | D:9      | Identified a +0 leather armour
  8494 | D:9      | Identified a +0 mace
  8494 | D:9      | Identified a +0 chain mail
  8494 | D:9      | Identified a +0 dagger
  8494 | D:9      | Identified a +0 chain mail
  8494 | D:9      | Identified a +0 club
  8494 | D:9      | Identified a +0 whip
  8494 | D:9      | Identified a +0 leather armour
  8494 | D:9      | Identified a +0 dagger
  8494 | D:9      | Identified a +0 robe
  8494 | D:9      | Identified a +0 hand axe
  8494 | D:9      | Identified a +0 leather armour
  8497 | D:9      | Identified a +0 flail
  8497 | D:9      | Identified a +0 leather armour
  8497 | D:9      | Identified a +0 hand axe
  8498 | D:9      | Identified a +0 dagger
  8498 | D:9      | Identified a +0 robe
  8501 | D:9      | Identified a +0 club
  8501 | D:9      | Identified a +0 leather armour
  8505 | D:9      | Identified a +0 dagger
  8506 | D:9      | Reached skill level 8 in Fighting
  8511 | D:9      | Identified a +0 giant spiked club
  8550 | D:9      | Identified 3 scrolls of vulnerability
  8551 | D:9      | Identified 3 scrolls of poison
  8725 | D:9      | Identified a +0 hand axe
  8725 | D:9      | Identified a +0 robe
  8726 | D:9      | Identified a +4 long sword
  8726 | D:9      | Identified a +0 robe
  8726 | D:9      | Identified a +0 falchion
  8726 | D:9      | Identified a +0 robe
  8727 | D:9      | Identified a +4 battleaxe
  8727 | D:9      | Identified a +0 robe
  8728 | D:9      | Identified a +5 halberd
  8728 | D:9      | Identified a +0 robe
  8730 | D:9      | Identified a +0 giant club
  8736 | D:9      | Reached skill level 6 in Ranged Weapons
  8742 | D:9      | Identified a +0 ring mail
  9052 | D:9      | Identified a +5 ring of evasion
  9122 | D:9      | Identified a +0 dagger
  9122 | D:9      | Identified a +0 robe
  9122 | D:9      | Noticed an orc sorcerer
  9127 | D:9      | Killed an orc sorcerer
  9128 | D:9      | Reached skill level 8 in Armour
  9128 | D:9      | Reached XP level 11. HP: 78/95 MP: 10/10
  9128 | D:9      | Found the +2 cloak of the Thief {*Fog Slay-2 SInv Stlth+}
  9428 | D:10     | Entered Level 10 of the Dungeon
  9441 | D:10     | Identified the +4 chain mail "Inidghina" {rF+ Will+ SInv}
  9508 | D:10     | Identified a +0 shortbow
  9508 | D:10     | Identified a +0 short sword
  9509 | D:10     | Identified a +0 short sword
  9510 | D:10     | Identified a +0 whip
 10003 | D:11     | Identified a +0 shortbow
 10009 | D:11     | Identified a +5 spear of venom
 10009 | D:11     | Identified a +0 ring mail
 10009 | D:11     | Identified a +0 dagger
 10009 | D:11     | Identified a +0 robe
 10009 | D:11     | Identified a +0 mace
 10009 | D:11     | Identified a +0 plate armour
 10011 | D:11     | Identified a +0 giant spiked club
 10011 | D:11     | Identified a +0 giant club
 10011 | D:11     | Noticed a two-headed ogre
 10014 | D:11     | Reached skill level 16 in Axes
 10021 | D:11     | HP: 23/95 [poisoned by a gnoll sergeant]
 10023 | D:11     | HP: 9/95 [water elemental (9)]
 10027 | D:11     | Identified a +0 dire flail
 10027 | D:11     | Identified a +0 giant spiked club
 10028 | D:11     | HP: 12/95 [poisoned by a gnoll sergeant]
 10041 | D:11     | HP: 22/95 [hornet (4)]
 10042 | D:11     | Paralysed by a hornet for 2 turns
 10042 | D:11     | HP: 10/95 [hornet (9)]
 10043 | D:11     | Identified a +1 trident of distortion
 10310 | D:11     | Identified a +0 giant spiked club
 10311 | D:11     | Identified a +0 giant club
 10311 | D:11     | Identified a +0 giant club
 10312 | D:11     | Identified a +0 giant spiked club
 10322 | D:11     | Reached skill level 9 in Fighting
 10325 | D:11     | Identified a +0 giant club
 10327 | D:11     | Identified a +0 giant club
 10328 | D:11     | Identified a +0 giant club
 10328 | D:11     | Identified a +0 giant spiked club
 10330 | D:11     | Identified a +0 giant club
 10330 | D:11     | Identified a +0 dire flail
 10330 | D:11     | Noticed Lodul
 10342 | D:11     | Killed Lodul
 10343 | D:11     | Reached skill level 7 in Ranged Weapons
 10500 | D:11     | Identified a +0 scimitar
 10763 | D:11     | Killed a two-headed ogre
 10764 | D:11     | Reached skill level 9 in Armour
 10902 | D:11     | Found a stormy altar of Qazlal.
 10905 | D:11     | Identified a +1 trident of venom
 10927 | D:11     | Identified a +2 short sword of venom
 10927 | D:11     | Noticed Sonja
 10939 | D:11     | HP: 37/148 [poisoned by Sonja]
 10940 | D:11     | HP: 16/148 [Sonja/+2 short sword of venom (3)]
 10941 | D:11     | Killed Sonja
 10941 | D:11     | HP: 7/148 [poisoned by Sonja]
 10942 | D:11     | Succumbed to Sonja's poison

Table legend: (Time is in decaauts)
 A = Elapsed time spent in this place.
 B = Non-inter-level travel time spent in this place.
 C = Inter-level travel time spent in this place.
 D = Time resting spent in this place.
 E = Time spent auto-exploring this place.
 F = Levels seen in this place.
 G = Mean time per level.
                   A        B        C        D        E       F      G
               +--------+--------+--------+--------+--------+-----+--------+
         Total |  10954 |  10477 |    477 |   2833 |   5827 |  12 |  912.8 |
       Dungeon |  10190 |   9713 |    477 |   2515 |   5747 |  11 |  926.4 |
        Bailey |    763 |    763 |      0 |    317 |     80 |   1 |  763.0 |
               +--------+--------+--------+--------+--------+-----+--------+

Top non-repeatable levels by time:
     D:5: 1550 daAuts
     D:9: 1303 daAuts
    D:11: 1044 daAuts
     D:8: 979 daAuts
     D:6: 974 daAuts
     D:3: 863 daAuts
     D:4: 796 daAuts
     D:1: 774 daAuts
  Bailey: 763 daAuts
     D:7: 743 daAuts
     D:2: 683 daAuts
    D:10: 475 daAuts

Table legend:
 A = Kills in this place as a percentage of kills in the entire game.
 B = Kills by you in this place as a percentage of kills by you in the entire game.
 C = Kills by friends in this place as a percentage of kills by friends in the entire game.
 D = Other kills in this place as a percentage of other kills in the entire game.
 E = Experience gained in this place as a percentage of experience gained in the entire game.
 F = Experience gained in this place divided by the number of levels of this place that you have seen.
                   A       B       C       D       E      F
               +-------+-------+-------+-------+-------+----------------------
         Total | 100.0 | 100.0 | 100.0 |   N/A | 100.0 | 1592.8
       Dungeon |  84.7 |  84.1 | 100.0 |   N/A |  91.3 | 1587.2
        Bailey |  15.3 |  15.9 |   0.0 |   N/A |   8.7 | 1655.0
               +-------+-------+-------+-------+-------+----------------------

Skill      XL: |  1  2  3  4  5  6  7  8  9 10 11 |
---------------+----------------------------------+-----
Axes           | 4 5 7 8 9 11 13 14 15 16 | 16.9
Fighting       | 5 7 8 9 |  9.7
Armour         | 4 6 8 9 |  9.3
Ranged Weapons | 2 4 6 7 |  7.7
Dodging        | |  2.1

Action                     |  1- 3 |  4- 6 |  7- 9 | 10-12 || total
---------------------------+-------+-------+-------+-------++-------
  Melee: Hand axe          |    89 |   131 |       |       ||   220
         Headbutt          |     7 |    17 |    61 |    50 ||   135
         Punch             |       |     1 |     3 |     4 ||     8
         War axe           |       |       |   274 |   122 ||   396
         Battleaxe         |       |       |       |   128 ||   128
   Fire: Arbalest          |       |       |     4 |       ||     4
 Invoke: Berserk           |     1 |     3 |     3 |     4 ||    11
         Brothers in Arms  |       |       |     2 |     3 ||     5
         Trog's Hand       |       |       |     1 |     6 ||     7
    Use: Scroll            |       |       |     8 |     3 ||    11
         Potion            |       |       |       |     5 ||     5
   Stab: Sleeping          |       |     1 |       |       ||     1
 Armour: Animal skin       |    47 |    24 |       |       ||    71
         Ring mail         |       |    31 |       |       ||    31
         Scale mail        |       |    26 |   200 |     2 ||   228
         Chain mail        |       |       |       |   226 ||   226
  Dodge: Dodged            |    58 |    46 |   127 |   141 ||   372

Vanquished Creatures
  A two-headed ogre (D:11)
  Sonja (D:11)
  Lodul (D:11)
  An orc sorcerer (D:9)
  2 cyclopes (D:11)
  Joseph (D:8)
  A gargoyle (Bailey)
  A kobold demonologist (D:11)
  Maggie (D:8)
  A komodo dragon (D:9)
  An unseen horror (D:11)
  A troll (D:11)
  A hornet (D:11)
  A shadow (D:11)
  14 yaks
  A wraith (D:11)
  2 vampires
  A wyvern (D:9)
  A basilisk (D:11)
  2 steam dragons
  A water moccasin (D:6)
  3 sky beasts
  3 orc warriors
  2 black bears
  10 ogres
  2 centaurs
  A phantom (D:7)
  A kobold brigand (D:10)
  A gnoll sergeant (D:11)
  2 bullfrogs
  A necrophage (D:5)
  2 scorpions
  A water moccasin zombie (D:5)
  3 wights (D:9)
  9 killer bees
  8 vampire bats (Bailey)
  A bombardier beetle (D:4)
  8 wolf zombies (Bailey)
  A bullfrog zombie (D:5)
  2 howler monkeys (D:10)
  A human zombie (D:5)
  2 hounds
  3 jellies
  7 orc priests
  A centaur skeleton (D:5)
  A sleepcap (D:4)
  A bullfrog skeleton (D:5)
  4 iguanas
  5 orc wizards
  3 scorpion zombies (D:5)
  A hound skeleton (D:5)
  A howler monkey zombie (D:5)
  2 gnolls (D:8)
  7 adders
  2 shadow imps
  A white imp (D:6)
  4 ufetubi
  4 dart slugs
  2 ribbon worms
  34 orcs
  6 bats
  6 endoplasms
  3 giant cockroaches
  5 goblins
  7 hobgoblins
  4 jackals (D:2)
  12 kobolds
  7 quokkas
  2 ball pythons
  2 frilled lizards (D:2)
  24 orc zombies (Bailey)
  2 rats (D:2)
264 creatures vanquished.

Vanquished Creatures (collateral kills)
  A water elemental (D:11)
  An orc warrior (D:9)
  A gnoll sergeant (D:8)
  2 wights (D:9)
  An orc priest (D:9)
  An orc wizard (D:9)
  3 gnolls (D:8)
10 creatures vanquished.

Grand Total: 274 creatures vanquished
